 Dungeon Crawl Stone Soup version 0.27-a0-887-gcab673c142 (webtiles) character file.

Game seed: 9868391683935651640

133 Dvallin the Digger (level 5, -18/30 HPs)
             Began as a Gargoyle Earth Elementalist on Apr 3, 2021.
             Demolished by an ogre
             ... wielding a +0 giant club
              (27 damage)
             ... on level 4 of the Dungeon.
             The game lasted 00:07:54 (3025 turns).

Dvallin the Digger (Gargoyle Earth Elementalist)    Turns: 3025, Time: 00:07:55

Health: -18/30     AC:  7    Str: 11    XL:     5   Next: 16%
Magic:  2/8        EV: 11    Int: 16    God:
Gold:   113        SH:  0    Dex: 11    Spells: 6/9 levels left

rFire    . . .     SeeInvis .   f - +1 short sword (elec)
rCold    . . .     Faith    .   (no shield)
rNeg     + . .     Spirit   .   g - +0 leather armour
rPois    ∞         Reflect  .   (no helmet)
rElec    +         Harm     .   (no cloak)
rCorr    .         Rampage  .   (no gloves)
Will     .....                  (no boots)
Stlth    ++........             p - amulet of the acrobat
HPRegen  0.10/turn              (no ring)
MPRegen  0.11/turn              (no ring)

@: very slightly contaminated
A: AC +4, negative energy resistance 1, electricity resistance, torment
resistance 1, unbreathing 1, petrification resistance
a: no special abilities


You were on level 4 of the Dungeon.
You visited 1 branch of the dungeon, and saw 4 of its levels.

You collected 113 gold pieces.

Inventory:

Hand Weapons
 a - a +0 short sword
 f - a +1 short sword of electrocution (weapon)
 j - a +2 dagger of venom
Missiles
 b - 60 stones
Armour
 c - a +0 robe
 g - a +0 leather armour (worn)
Jewellery
 p - an amulet of the acrobat (around neck)
Scrolls
 e - 2 scrolls of noise {unknown}
 i - 3 scrolls of identify {unknown}
 l - 2 scrolls of enchant weapon {unknown}
 m - 2 scrolls of amnesia {unknown}
Potions
 d - a potion of heal wounds {unknown}
 h - a potion of haste {unknown}
 k - 2 potions of might {unknown}
 n - 2 potions of degeneration {unknown}
 o - 2 potions of brilliance {unknown}


   Skills:
 + Level 1.9 Fighting
 * Level 2.1 Short Blades
 - Level 2.0 Dodging
 + Level 3.1 Stealth
 + Level 2.5 Spellcasting
 - Level 1.0 Transmutations
 - Level 4.0 Earth Magic


You had 6 spell levels left.
You knew the following spells:

 Your Spells              Type           Power      Damage    Failure   Level
a - Sandblast             Erth           28%        2d8       4%          1
b - Passwall              Tmut/Erth      8%         N/A       14%         2

Your spell library contained the following spells:

 Spells                   Type           Power      Damage    Failure   Level
 Magic Dart               Conj           8%         1d3       26%         1
 Stone Arrow              Conj/Erth      16%        3d8       34%         3
 Blink                    Tloc           N/A        N/A       36%         2
 Call Imp                 Summ           2%         N/A       36%         2
 Searing Ray              Conj           4%         3d3       36%         2
 Slow                     Hex            2%         N/A       36%         2
 Conjure Flame            Conj/Fire      2%         6-21      61%         3
 Dazzling Flash           Conj/Hex       4%         N/A       61%         3
 Mephitic Cloud           Conj/Pois/Air  2%         N/A       61%         3
 Petrify                  Tmut/Erth      10%        N/A       67%         4
 Lee's Rapid Deconstruct  Erth           7%         3d7*      80%         5
 Fulminant Prism          Conj/Hex       1%         3d6       95%         4
 Iskenderun's Mystic Bla  Conj/Tloc      2%         2d3       95%         4


Dungeon Overview and Level Annotations

Branches:
Dungeon (4/15)
 Temple: D:4-7

Altars:

Shops:
D:1 =

Annotations:
D:4 Menkaure


Innate Abilities, Weirdness & Mutations

Your stone body is resilient. (AC +4)
You are immune to poison.
You resist negative energy. (rN+)
You are resistant to electric shocks. (rElec)
You are resistant to unholy torment.
You can survive without breathing.
You are immune to petrification.


Message History

You start putting on your amulet.
You continue putting on your amulet of the acrobat. x5
You finish putting on your amulet of the acrobat.
You feel ready to tumble and roll out of harm's way.
p - an amulet of the acrobat (around neck)
You now have 113 gold pieces (gained 9).
Found a stone staircase leading down.
An ogre comes into view. It is wielding a +0 giant club.
The blast of sand hits the ogre!
The ogre is moderately wounded.
The blast of sand misses the ogre.
The blast of sand hits the ogre!
The ogre is severely wounded.
The ogre hits you with a +0 giant club!
The blast of sand hits the ogre.
The ogre is severely wounded.
The ogre hits you with a +0 giant club!
* * * LOW HITPOINT WARNING * * *
You are too injured to fight recklessly!
Unknown command.
You are too injured to fight recklessly!
Casting: Sandblast (safe; 4% risk of failure)
Confirm with . or Enter, or press ? or * to list all spells.
Aiming: Sandblast (safe; 4% risk of failure)
Press: ? - help, Shift-Dir - straight line, f/p - ogre
Aim: an ogre, wielding a +0 giant club (severely wounded, 10% to evade)
The blast of sand hits the ogre.
The ogre is severely wounded.
Unknown command.
Casting: Sandblast (safe; 4% risk of failure)
Confirm with . or Enter, or press ? or * to list all spells.
Aiming: Sandblast (safe; 4% risk of failure)
Press: ? - help, Shift-Dir - straight line, f/p - ogre
Aim: an ogre, wielding a +0 giant club (severely wounded, 10% to evade)
You miscast Sandblast.
You are very lightly contaminated with residual magic.
Nothing appears to happen.
The ogre hits you with a +0 giant club!!
Ouch! That really hurt!
You die...

.........# .........#
.........#
.........###############
........................
.................#......
.......................
###..............O.##
#..............@...#
#.#................#
#..#.#.......####..#
#######.....# ..#
#.....# ..# #.....# .##
###..## # ###


You could see an ogre.

Vanquished Creatures
  A hound (D:4)
  3 adders
  A worm (D:3)
  4 dart slugs
  4 endoplasms
  3 goblins (D:1)
  7 hobgoblins
  9 jackals
  9 kobolds
  2 quokkas
  6 ball pythons
  5 bats
  5 frilled lizards
  4 rats
63 creatures vanquished.

Notes
Turn   | Place    | Note
-------+----------+-------------------------------------------
     0 | D:1      | Dvallin the Gargoyle Earth Elementalist began the quest for
                  | the Orb.
     0 | D:1      | Reached XP level 1. HP: 10/10 MP: 3/3
   138 | D:1      | Reached XP level 2. HP: 14/16 MP: 1/5
   221 | D:1      | Reached skill level 1 in Transmutations
   662 | D:1      | Reached XP level 3. HP: 20/20 MP: 6/6
   673 | D:1      | Learned a level 2 spell: Passwall
   763 | D:1      | Found Paarphot's Jewellery Boutique.
  1494 | D:2      | Reached skill level 1 in Fighting
  1494 | D:2      | Reached skill level 1 in Short Blades
  1802 | D:2      | Found a faded altar of an unknown god.
  1814 | D:2      | Reached skill level 4 in Earth Magic
  2021 | D:3      | Reached XP level 4. HP: 25/25 MP: 7/7
  2819 | D:4      | Reached XP level 5. HP: 26/30 MP: 8/8
  2849 | D:4      | Noticed Menkaure
  3017 | D:4      | Noticed an ogre
  3025 | D:4      | Demolished by an ogre

Illustrated notes

Levels and vault maps discovered:
D:1:      dpeg_arrival_signposts, layout_basic, serial_shops,
          nicolae_shop_temple_entry_statues_fountains
D:2:      layout_basic, basic_ecumenical_altar
D:3:      layout_loops_ring, chequers_mini_garden, minivault_23
D:4:      layout_cave_pools, minitemple, uniq_menkaure, uniq_crazy_yiuf_cottage

Skill      XL: |  1  2  3  4 |
---------------+-------------+-----
Transmutations | 1 |  1.0
Dodging        | 2 |  2.0
Fighting       | 1 |  1.9
Short Blades   | 1 2 |  2.1
Earth Magic    | 4 |  4.0
Stealth        | 3 |  3.1
Spellcasting   | |  2.5

Action                   |  1- 3 |  4- 6 || total
-------------------------+-------+-------++-------
Melee: Short sword       |    63 |    54 ||   117
 Cast: Sandblast         |    23 |    14 ||    37
       Passwall          |       |     1 ||     1
 Stab: Sleeping          |     7 |       ||     7
Armor: Robe              |    10 |       ||    10
       Leather armour    |    17 |    21 ||    38
Dodge: Dodged            |    41 |    27 ||    68

Table legend: (Time is in decaauts)
 A = Elapsed time spent in this place.
 B = Non-inter-level travel time spent in this place.
 C = Inter-level travel time spent in this place.
 D = Time resting spent in this place.
 E = Time spent auto-exploring this place.
 F = Levels seen in this place.
 G = Mean time per level.
                   A        B        C        D        E       F      G
               +--------+--------+--------+--------+--------+-----+--------+
         Total |   3029 |   2923 |    106 |     51 |   2266 |   4 |  757.2 |
       Dungeon |   3029 |   2923 |    106 |     51 |   2266 |   4 |  757.2 |
               +--------+--------+--------+--------+--------+-----+--------+

Top non-repeatable levels by time:
     D:1: 1294 daAuts
     D:3: 832 daAuts
     D:2: 721 daAuts
     D:4: 181 daAuts
